Map: Cosmic Sapphire

Players

Rengen

  • Race: Protoss Protoss
  • Spawn Location: 5:00

trigger - Winner!

  • Race: Protoss Protoss
  • Spawn Location: 11:00

Event: DreamHack SC2 Masters 2022 Atlanta (Offline)

VOD

Have the link to the VOD?

Description

Time

  • Played on: Nov. 18, 2022, 10:11 a.m.
  • Length: 8:45

All games in this series

Show
View Real Time Build Order
Export as new Build Order

Rengen Protoss 

Build Orders:  

Get SALT Encoding   

  12  0:01  Probe  
  13  0:13  Probe  
  14  0:18  Pylon  
  14  0:25  Probe (Chrono Boost)  
  15  0:37  Probe (Chrono Boost)  
  15  0:39  Gateway  
  16  0:44  Probe (Chrono Boost)  
  16  0:46  Assimilator  
  17  0:51  Probe  
  17  0:54  Assimilator  
  18  1:03  Probe (Chrono Boost)  
  19  1:15  Gateway, Probe (Chrono Boost)  
  20  1:20  Probe (Chrono Boost)  
  21  1:29  Cybernetics Core  
  21  1:33  Probe  
  21  1:37  Pylon  
  22  1:45  Probe  
  23  1:57  Probe  
  24  2:05  Adept x2  
  24  2:06  Warp Gate  
  28  2:09  Probe  
  29  2:16  Pylon  
  29  2:24  Robotics Facility  
  29  2:35  Stalker  
  31  2:37  Stalker  
  33  2:55  Probe  
  34  3:00  Shield Battery  
  34  3:09  Sentry x2  
  38  3:17  Probe  
  35  3:20  Observer (Chrono Boost)  
  36  3:27  Nexus  
  36  3:32  Pylon  
  36  3:34  Probe  
  37  3:47  Probe  
  37  3:48  Immortal (Chrono Boost)  
  42  3:57  Adept  
  42  4:01  Adept  
  46  4:06  Probe  
  47  4:15  Pylon  
  47  4:17  Pylon  
  47  4:33  Probe (Chrono Boost)  
  48  4:44  Probe (Chrono Boost)  
  50  4:48  Probe (Chrono Boost)  
  50  4:49  Probe (Chrono Boost)  
  51  4:57  Probe (Chrono Boost)  
  51  5:00  Stalker x2  
  51  5:04  Twilight Council, Probe (Chrono Boost)  
  53  5:09  Probe (Chrono Boost)  
  53  5:13  Immortal  
  59  5:14  Probe x2 (Chrono Boost)  
  60  5:24  Probe x2  
  60  5:25  Adept x2  
  66  5:36  Probe  
  66  5:41  Blink (Chrono Boost)  
  67  5:45  Pylon  
  67  5:49  Probe  
  68  5:53  Probe  
  69  6:01  Probe  
  69  6:04  Adept  
  72  6:05  Probe  
  72  6:06  Adept  
  72  6:09  Pylon  
  72  6:10  Pylon  
  75  6:13  Probe  
  75  6:14  Observer  
  75  6:16  Immortal (Chrono Boost)  
  76  6:20  Probe  
  76  6:25  Shield Battery  
  77  6:26  Pylon  
  77  6:28  Stalker x2, Assimilator  
  81  6:33  Probe  
  82  6:41  Probe  
  83  6:48  Probe  
  83  6:49  Forge  
  83  6:52  Pylon x2  
  83  6:53  Probe  
  85  6:57  Nexus  
  85  7:03  Stalker x2  
  85  7:05  Probe  
  90  7:21  Shield Battery  
  90  7:23  Pylon  
  90  7:25  Probe x2  
  90  7:26  Gateway  
  92  7:30  Gateway  
  92  7:33  Gateway  
  92  7:37  Templar Archives  
  92  7:39  Stalker  
  94  7:45  Stalker  
  83  8:07  Stalker  
  83  8:09  Stalker  
  62  8:21  Stalker  
  62  8:25  Stalker  
  60  8:29  Stalker  
  48  8:34  Stalker  
Show
View Real Time Build Order
Export as new Build Order

trigger Protoss - Winner!

Build Orders: Phoenix Opening 

Get SALT Encoding   

  12  0:00  Probe  
  13  0:12  Probe  
  14  0:17  Pylon  
  14  0:24  Probe (Chrono Boost)  
  15  0:36  Gateway, Probe (Chrono Boost)  
  16  0:44  Probe (Chrono Boost)  
  16  0:46  Assimilator  
  17  0:50  Probe  
  17  0:54  Assimilator  
  18  1:03  Probe (Chrono Boost)  
  19  1:07  Gateway  
  20  1:12  Probe (Chrono Boost)  
  20  1:17  Probe (Chrono Boost)  
  20  1:23  Cybernetics Core  
  21  1:29  Probe  
  22  1:33  Pylon  
  22  1:41  Probe  
  23  1:53  Probe  
  24  1:59  Stalker x2  
  28  2:02  Warp Gate  
  28  2:08  Probe  
  29  2:12  Pylon  
  30  2:29  Pylon  
  29  2:31  Sentry  
  29  2:34  Sentry  
  33  2:46  Nexus  
  33  2:50  Probe  
  34  3:02  Shield Battery  
  34  3:06  Robotics Facility  
  34  3:10  Phoenix  
  33  3:15  Probe (Chrono Boost)  
  32  3:25  Probe (Chrono Boost)  
  33  3:30  Probe (Chrono Boost)  
  34  3:41  Probe  
  34  3:45  Pylon  
  35  3:50  Immortal (Chrono Boost)  
  39  3:57  Probe  
  39  3:59  Probe  
  41  4:04  Stalker  
  41  4:07  Stalker  
  45  4:10  Probe (Chrono Boost)  
  45  4:13  Probe (Chrono Boost)  
  47  4:22  Probe (Chrono Boost)  
  49  4:24  Probe (Chrono Boost)  
  49  4:28  Probe (Chrono Boost)  
  50  4:31  Warp Prism  
  50  4:32  Probe  
  50  4:36  Probe  
  54  4:44  Probe  
  55  4:46  Twilight Council  
  55  4:49  Shield Battery  
  55  4:54  Probe  
  55  4:59  Probe  
  56  5:02  Stalker x2  
  56  5:06  Probe  
  61  5:08  Pylon  
  61  5:13  Observer  
  62  5:18  Blink (Chrono Boost), Pylon  
  62  5:26  Probe  
  63  5:28  Assimilator  
  63  5:29  Stalker  
  63  5:30  Stalker  
  63  5:35  Probe  
  68  5:41  Gateway  
  68  5:44  Gateway  
  68  5:50  Immortal (Chrono Boost)  
  72  6:01  Stalker  
  72  6:02  Stalker  
  76  6:07  Pylon  
  76  6:09  Forge  
  76  6:10  Probe x2  
  78  6:24  Phoenix  
  77  6:25  Stalker x2  
  77  6:31  Pylon  
  81  6:35  Protoss Ground Weapons Level 1 (Chrono Boost), Nexus  
  81  6:41  Probe x2  
  81  6:46  Stalker  
  85  6:53  Probe  
  86  6:57  Stalker x2  
  86  7:00  Pylon  
  90  7:03  Probe  
  90  7:05  Probe  
  92  7:14  Stalker  
  94  7:18  Probe x2  
  94  7:19  Pylon  
  96  7:24  Stalker x2  
  96  7:25  Stalker  
  102  7:32  Pylon  
  102  7:38  Observer, Probe  
  102  7:40  Stalker  
  102  7:41  Probe  
  107  7:56  Probe  
  107  7:57  Stalker x3  
  107  8:00  Probe  
  107  8:03  Probe  
  107  8:08  Probe  
  107  8:12  Probe  
  98  8:19  Probe  
  99  8:24  Stalker x3  
  99  8:25  Stalker  
  105  8:36  Assimilator  
  105  8:40  Assimilator  
  103  8:42  Photon Cannon  
Tags
 
Add a new tag
Caveats
  • Supply blocks, unpowered buildings, or Contaminate may cause inaccurate times.
  • Supply counts are checked every 10 seconds.